 Dungeon Crawl Stone Soup version 0.29.0-4-gdea44cf6ec (webtiles) character file.

Game seed: 14760432201208203055

189 qw the Chopper (level 5, -1/30 HPs)
             Began as a Tengu Warper on Aug 28, 2022.
             Succumbed to an adder's poison
             ... on level 4 of the Dungeon.
             The game lasted 00:00:22 (3537 turns).

qw the Chopper (Tengu Warper)                       Turns: 3537, Time: 00:00:22

Health: -1/30      AC:  0    Str: 13      XL:     5   Next: 68%
Magic:  9/9        EV: 23    Int: 14      God:
Gold:   119        SH:  0    Dex: 17 (18) Spells: 8/8 levels left

rFire   . . .      SeeInvis .   (weapon currently unavailable)
rCold   . . .      Faith    .   (shield currently unavailable)
rNeg    . . .      Spirit   .   (body armour currently unavailable)
rPois   .          Reflect  .   (helmet currently unavailable)
rElec   .          Harm     .   (cloak currently unavailable)
rCorr   .          Rampage  .   (gloves currently unavailable)
Will    .....                   (boots unavailable)
Stlth   ++........              (no amulet)
HPRegen 0.10/turn               (ring currently unavailable)
MPRegen 0.11/turn               (ring currently unavailable)

@: lethally poisoned (-1 -> -8), about to teleport, bat-form, flying quickly and
evasively, very quick
A: fast, flying, no casting, tiny, (beak), (talons 3), nimble flight
a: no special abilities


You were on level 4 of the Dungeon.
You were a bat.
You visited 1 branch of the dungeon, and saw 4 of its levels.

You collected 119 gold pieces.


Innate Abilities, Weirdness & Mutations

You are a bat.
You are tiny and dextrous.
You move quickly.
You are flying.
Your equipment is almost entirely melded.
You are incapable of wielding weapons or throwing items.
You cannot cast spells.
((You have a beak for a mouth.))
((You have claws for feet.))
Your magical nature lets you fly swiftly and evasively.


   Skills:
 - Level 2.0 Fighting
 + Level 5.7 Axes
 - Level 1.0 Throwing
 - Level 2.0 Armour
 - Level 2.1 Dodging
 - Level 1.2 Shields
 - Level 2.0 Spellcasting
 - Level 2.4 Translocations


You had 8 spell levels left.
You didn't know any spells.
Your spell library contained the following spells:

 Spells                   Type           Power      Damage    Failure   Level
 Blink                    Tloc           16%        N/A       14%         2
 Gell's Gravitas          Tloc           8%         N/A       26%         3
 Lesser Beckoning         Tloc           8%         N/A       26%         3
 Teleport Other           Tloc           8%         N/A       26%         3
 Manifold Assault         Tloc           8%         N/A       94%         5

Inventory:

Hand Weapons
 d - a +0 mace
 Y - a +1 hand axe (melded)
Armour
 h - a +0 plate armour (melded)
 i - a +0 buckler (melded)
Scrolls
 e - a scroll of identify
Potions
 a - 2 potions of lignification {unknown}
 c - a potion of curing
 j - a potion of might {unknown}
 k - a potion of heal wounds {unknown}
 l - a potion of resistance

Dungeon Overview and Level Annotations

Branches:
Dungeon (4/15)
 Temple: D:4-7

Altars:

Annotations:
D:3 2 runed translucent doors, qw's ghost, amateur TeWr


Message History

Your +0 plate armour unmelds from your body.
The hound bites you. The goblin hits you with a +0 club.
The hound bites you but does no damage.
You closely miss the hound. You claw the hound, but do no damage.
You peck the hound.
The hound is moderately wounded.
You closely miss the goblin. x2
The hound bites you but does no damage. The goblin hits you but does no damage.
The goblin hits you with a +0 club.
You hit the hound. You claw the hound. Your peck misses the hound.
The hound is severely wounded.
You hit the goblin. x2
You kill the goblin!
The hound bites you.
The goblin zaps a wand.
You turn into a bat.
Your +1 hand axe melds into your body.
Your +0 buckler melds into your body.
Your +0 plate armour melds into your body.
The hound misses you.
You hit the hound.
The hound is severely wounded.
The hound misses you. The goblin hits you with a +0 club.
You closely miss the hound.
The hound is severely wounded.
The hound closely misses you. The goblin barely misses you.
The hound bites you.
You hit the hound.
The hound is almost dead.
The hound bites you. The adder completely misses you. The goblin misses you.
3535 ||| READING scroll of teleportation.
As you read the scroll of teleportation, it crumbles to dust.
You feel strangely unstable. The hound misses you. The adder barely misses you.
The goblin completely misses you. The hound bites you.
You hit the hound but do no damage.
The hound is almost dead.
The adder barely misses you. The hound barely misses you.
The goblin hits you with a +0 club. The adder bites you.
You are lethally poisoned!
The adder poisons you!
You barely miss the hound.
The hound is almost dead.
You die...

#.#..###...#.
###....#....... ?..#
#...##.### .
#.#.###......... ..##
###...##...####### ....
..........##......
#..##............%.... #
#.ggh)#########......
#..g..##b##########......
#......S.................
#........##########......
#......### #......
####... #...... #...
#...... ### #######


You could see a hound, an adder, a hobgoblin and a goblin (resistant).

Vanquished Creatures
  A hound (D:4)
  5 adders
  4 gnolls (D:3)
  3 worms (D:2)
  A dart slug (D:3)
  6 endoplasms
  2 giant cockroaches
  9 goblins
  8 hobgoblins
  5 quokkas
  4 ball pythons
  3 bats (D:3)
  3 frilled lizards
  5 kobolds
  4 rats
63 creatures vanquished.

Notes
Turn   | Place    | Note
-------+----------+-------------------------------------------
     0 | D:1      | qw the Tengu Warper began the quest for the Orb.
     0 | D:1      | Reached XP level 1. HP: 12/12 MP: 4/4
     0 | D:1      | 0 ||| qw: Version: 0.1-a-89-g26bdef1
     0 | D:1      | 0 ||| qw: Game counter: 759
     0 | D:1      | 0 ||| qw: Always use a shield: true
     0 | D:1      | 0 ||| qw: God list: Okawaru
     0 | D:1      | 0 ||| qw: Allow faded altars: false
     0 | D:1      | 0 ||| qw: Do Orc after D:15 true
     0 | D:1      | 0 ||| qw: Do second Lair branch before Depths: true
     0 | D:1      | 0 ||| qw: Lair rune preference: random
     0 | D:1      | 0 ||| qw: Plans: Normal
     0 | D:1      | 0 ||| PLANNING D:1-11
    12 | D:1      | 12 ||| Stepping ~*~*~tactically~*~*~ (stealth).
    18 | D:1      | 18 ||| Stepping ~*~*~tactically~*~*~ (stealth).
   132 | D:1      | 132 ||| Stepping ~*~*~tactically~*~*~ (stealth).
   133 | D:1      | 133 ||| Stepping ~*~*~tactically~*~*~ (stealth).
   171 | D:1      | Reached skill level 3 in Axes
   171 | D:1      | Reached XP level 2. HP: 17/17 MP: 6/6
   243 | D:1      | 243 ||| Stepping ~*~*~tactically~*~*~ (stealth).
   245 | D:1      | 245 ||| Stepping ~*~*~tactically~*~*~ (stealth).
   247 | D:1      | 247 ||| Stepping ~*~*~tactically~*~*~ (stealth).
   253 | D:1      | 253 ||| Stepping ~*~*~tactically~*~*~ (stealth).
   674 | D:1      | Found a faded altar of an unknown god.
   729 | D:1      | 729 ||| UPGRADING to +0 ring mail.
   739 | D:1      | 739 ||| DROPPING +0 leather armour.
   740 | D:1      | 740 ||| UPGRADING to +0 plate armour.
   750 | D:1      | 750 ||| DROPPING +0 ring mail.
   751 | D:1      | 751 ||| UPGRADING to +0 buckler.
   756 | D:1      | 756 ||| READING 2 scrolls labelled BUC ORPHIL.
   757 | D:1      | 757 ||| READING scroll labelled GAECVAIGUA.
   758 | D:1      | 758 ||| READING scroll labelled PAATHR ZURGH.
   896 | D:1      | 896 ||| DROPPING scroll of amnesia.
   897 | D:1      | 897 ||| DROPPING scroll of blinking.
   968 | D:2      | Reached skill level 1 in Shields
   968 | D:2      | Reached XP level 3. HP: 21/21 MP: 7/7
  1091 | D:2      | 1091 ||| FLEEEEING.
  1092 | D:2      | 1092 ||| FLEEEEING.
  1093 | D:2      | 1093 ||| FLEEEEING.
  1094 | D:2      | 1094 ||| FLEEEEING.
  1095 | D:2      | 1095 ||| FLEEEEING.
  1103 | D:2      | 1103 ||| Stepping ~*~*~tactically~*~*~ (stealth).
  1214 | D:2      | Reached skill level 4 in Axes
  1274 | D:2      | 1274 ||| DROPPING +0 club.
  1296 | D:2      | 1296 ||| Stepping ~*~*~tactically~*~*~ (stealth).
  1297 | D:2      | 1297 ||| Stepping ~*~*~tactically~*~*~ (stealth).
  1302 | D:2      | Reached XP level 4. HP: 26/26 MP: 8/8
  1921 | D:2      | 1921 ||| READING scroll labelled DOLID XOUT.
  1925 | D:2      | 1925 ||| DRINKING 2 blue potions.
  1926 | D:2      | 1926 ||| DRINKING 2 clear potions.
  1927 | D:2      | 1927 ||| READING 2 scrolls of identify.
  1927 | D:2      | 1927 ||| IDENTIFYING lumpy white potion
  1928 | D:2      | 1928 ||| DROPPING potion of berserk rage.
  1929 | D:2      | 1929 ||| DROPPING potion of degeneration.
  2167 | D:3      | HP: 3/26 [gnoll/+0 whip (6)]
  2169 | D:3      | Gained mutation: Your magical nature lets you fly swiftly
                  | and evasively. [Tengu growth]
  2169 | D:3      | Reached XP level 5. HP: 4/30 MP: 9/9
  2446 | D:3      | Reached skill level 5 in Axes
  2461 | D:3      | 2461 ||| Stepping ~*~*~tactically~*~*~ (hiding).
  2521 | D:3      | Found a runed translucent door.
  2542 | D:3      | Noticed qw's ghost (amateur TeWr)
  2565 | D:3      | Found a runed translucent door.
  3209 | D:3      | 3209 ||| READING scroll labelled BUWEYTT LAUP.
  3210 | D:3      | 3210 ||| READING scroll labelled OLEUF COLULEH.
  3211 | D:3      | 3211 ||| READING scroll labelled OJONKA RIATIN.
  3212 | D:3      | 3212 ||| DRINKING 2 emerald potions.
  3213 | D:3      | 3213 ||| DRINKING 2 coppery potions.
  3214 | D:3      | 3214 ||| READING 3 scrolls of identify.
  3214 | D:3      | 3214 ||| IDENTIFYING fizzy grey potion
  3215 | D:3      | 3215 ||| READING 2 scrolls of identify.
  3215 | D:3      | 3215 ||| IDENTIFYING sedimented silvery potion
  3216 | D:3      | 3216 ||| DROPPING potion of ambrosia.
  3217 | D:3      | 3217 ||| DROPPING potion of brilliance.
  3218 | D:3      | 3218 ||| DROPPING potion of attraction.
  3518 | D:4      | 3518 ||| Stepping ~*~*~tactically~*~*~ (stealth).
  3522 | D:4      | 3522 ||| Stepping ~*~*~tactically~*~*~ (stealth).
  3523 | D:4      | 3523 ||| Stepping ~*~*~tactically~*~*~ (hiding).
  3529 | D:4      | 3529 ||| DRINKING potion of cancellation.
  3534 | D:4      | HP: 7/30 [hound (4)]
  3535 | D:4      | 3535 ||| READING scroll of teleportation.
  3536 | D:4      | HP: 1/30 [adder (4)]
  3537 | D:4      | Succumbed to an adder's poison

Levels and vault maps discovered:
D:1:      minmay_arrival_radiant_lines, layout_rooms,
          shapermc_ecumenical_altar_hornbeckon, minmay_misc_feat_diagonals,
          due_unseen_surprise
D:2:      layout_loops_ring, st_stairs_4
D:3:      layout_loops_ring, ebering_ghost_sewer_f, grunt_decor_mini_mirrors
D:4:      layout_rooms, minmay_temple_entry_from_below_a, minmay_starry_boxes

Skill      XL: |  1  2  3  4  5 |
---------------+----------------+-----
Axes           | 3 4 5 |  5.7
Shields        | 1 |  1.2
Armour         | 2 |  2.0
Fighting       | |  2.0
Throwing       | |  1.0
Dodging        | |  2.1
Spellcasting   | |  2.0
Translocations | |  2.4

Action                   |  1- 3 |  4- 6 || total
-------------------------+-------+-------++-------
Melee: Hand axe          |    68 |   108 ||   176
       Kick              |    21 |    24 ||    45
       Peck              |    16 |    17 ||    33
       Unarmed           |       |     5 ||     5
Throw: Boomerang         |     7 |       ||     7
  Use: Scroll            |     3 |     8 ||    11
       Potion            |       |     5 ||     5
Armor: Plate armour      |    13 |    68 ||    81
       Leather armour    |     2 |       ||     2
Dodge: Dodged            |    20 |    20 ||    40
Block: Buckler           |     4 |    16 ||    20

Table legend:
 A = Non-vault XP
 B = Vault XP
 C = Vault XP percentage of total XP
 D = Non-vault monster count
 E = Vault monster count
 F = Vault count percentage of total count
                 A         B        C        D         E       F
            +---------+---------+-------+---------+---------+-------
      Total |     262 |       9 |   3.3 |      60 |       3 |   4.8
            +---------+---------+-------+---------+---------+-------
        D:1 |      24 |       0 |   0.0 |      15 |       0 |   0.0
        D:2 |      82 |       7 |   7.9 |      23 |       2 |   8.0
        D:3 |      88 |       0 |   0.0 |      15 |       0 |   0.0
        D:4 |      68 |       2 |   2.9 |       7 |       1 |  12.5
            +---------+---------+-------+---------+---------+-------
